 Dungeon Crawl Stone Soup version 0.19-a0-1834-g6b7851e (webtiles) character file.

534 4thArraOfDagon the Ruffian (level 7, 26/59 HPs)
             Began as a Troll Necromancer on Oct 9, 2016.
             Quit the game on level 7 of the Dungeon.
             The game lasted 00:03:40 (636 turns).

4thArraOfDagon the Ruffian (Troll Necromancer)       Turns: 636, Time: 00:03:40

Health: 26/59      AC:  5    Str: 17    XL:     7   Next: 4%
Magic:  7/7        EV: 10    Int: 18    God:
Gold:   131        SH:  0    Dex: 10    Spells: 2 memorised, 4 levels left

rFire  . . .     SeeInvis .       - Unarmed
rCold  . . .     Gourm    +     a - +0 robe
rNeg   . . .     Faith    .     (no shield)
rPois  .         Spirit   .     (helmet restricted)
rElec  .         Dismiss  .     (no cloak)
rCorr  .         Reflect  .     (gloves unavailable)
MR     .....     Harm     .     (boots unavailable)
Stlth  +.........               (no amulet)
                                (no ring)
                                (no ring)

@: brilliant
A: unfitting armour, claws 3, fast metabolism 3, gourmand, regeneration 1,
shaggy fur 1, tough skin 2
a: no special abilities


You were on level 7 of the Dungeon.
You were not hungry.

You visited 1 branch of the dungeon, and saw 8 of its levels.

You collected 131 gold pieces.

Inventory:

Armour
 a - a +0 robe (worn)
Scrolls
 k - a scroll of enchant armour
Potions
 g - a potion of cure mutation
Books
 b - a book of Necromancy

   Spells                             Type                      Level
   a - Pain                           Necromancy                   1
   b - Animate Skeleton               Necromancy                   1
   c - Vampiric Draining              Necromancy                   3
   d - Regeneration                   Charms/Necromancy            3
   e - Animate Dead                   Necromancy                   4
   f - Control Undead                 Necromancy                   4
Comestibles
 c - 2 bread rations
 d - a meat ration


   Skills:
 - Level 1.5 Dodging
 - Level 1.0 Stealth
 * Level 7.4 Unarmed Combat
 - Level 1.2 Spellcasting
 - Level 3.2 Necromancy


You had 4 spell levels left.
You knew the following spells:

 Your Spells              Type           Power        Failure   Level  Hunger
a - Pain                  Necr           ###.         1%          1    ##.....
b - Regeneration          Chrm/Necr      ###.......   4%          3    ####...


Dungeon Overview and Level Annotations

Branches:
Dungeon (8/15)
 Temple: D:4-7         Lair: D:8-11

Altars:

Shops:
D:5 }


Innate Abilities, Weirdness & Mutations

You are too large for most types of armour.
You have claws for hands.
Your metabolism is lightning-fast.
You like to eat raw meat.
Your natural rate of healing is unusually fast.
You are covered in fur. (AC +1)
You have very tough skin. (AC +2)


Message History

There is a stone staircase leading down here.
Unknown command.
Unknown command.
Unknown command.
Unknown command.
The killer bee stings you!
As you read the scroll labeled HIUTSAGIZI, it crumbles to dust.
It is a scroll of amnesia.
Forget which spell ([?*] list [ESC] exit)?
Forget which spell ([?*] list [ESC] exit)?
Okay, then.
The killer bee barely misses you. The killer bee closely misses you. x2
Unknown command.
Unknown command.
It was a potion of brilliance.
You feel clever all of a sudden. The killer bee closely misses you.
The killer bee stings you. The killer bee barely misses you.
The killer bee stings you.
Unknown command.
Are you sure you want to abandon this character and quit the game? (Confirm with "yes".)

#......# ... ....#
# ####.######....
.#.###
###........#....
#.#.#
#........#..... # #
#.#.#.#....# #
#...#...#####
#..##......[#
#..##.......###
.............@y#
###.........y#y#
####..............#
#........#######
....#####...# ###.
#...# #. #...# ..
#...# #...#


You could see 3 killer bees.

Vanquished Creatures
  Grinder (D:5)
  A sky beast (D:7)
  An ogre (D:7)
  A howler monkey (D:5)
  2 orc priests
  An orc wizard (D:7)
  An adder (D:5)
  9 orcs
  A giant cockroach (D:2)
  A jackal (D:1)
  2 frilled lizards (D:3)
  A kobold (D:1)
  A rat (D:1)
23 creatures vanquished.

Notes
Turn   | Place    | Note
-------+----------+-------------------------------------------
     0 | D:1      | 4thArraOfDagon the Troll Necromancer began the quest for the Orb.
     0 | D:1      | Reached XP level 1. HP: 16/16 MP: 1/1
   127 | D:2      | Reached skill level 1 in Unarmed Combat
   253 | D:5      | Entered Level 5 of the Dungeon
   253 | D:5      | Noticed Grinder
   259 | D:5      | Paralysed by Grinder for 2 turns
   271 | D:5      | Killed Grinder
   271 | D:5      | Reached skill level 5 in Unarmed Combat
   271 | D:5      | Reached XP level 2. HP: 24/24 MP: 2/2
   271 | D:5      | Reached XP level 3. HP: 31/31 MP: 3/3
   271 | D:5      | Reached XP level 4. HP: 39/39 MP: 4/4
   271 | D:5      | Reached XP level 5. HP: 45/45 MP: 5/5
   331 | D:5      | EMH
   341 | D:5      | Found Vemuemuf's Gadget Shoppe.
   394 | D:5      | Learned a level 3 spell: Regeneration
   426 | D:5      | Reached skill level 6 in Unarmed Combat
   426 | D:5      | Reached XP level 6. HP: 41/53 MP: 6/6
   511 | D:7      | Noticed a sky beast
   554 | D:7      | HP: 2/53 [something (5)]
   590 | D:7      | Killed a sky beast
   590 | D:7      | Reached skill level 7 in Unarmed Combat
   590 | D:7      | Reached XP level 7. HP: 15/59 MP: 7/7
   628 | D:7      | WHY
   636 | D:7      | Quit the game

Vault maps used:
D:1:      eino_arrival_druids_welcome, serial_forest, infiniplex_forest_lined_2,
          infiniplex_forest_clump_double, infiniplex_forest_lined_3,
          infiniplex_forest_straight_5
D:2:      first_bread, elyvilon_altar_4
D:3:      corexii_corridor_pit, uniq_natasha, uniq_terence, uniq_iyjb,
          uniq_jessica
D:4:      nicolae_dithmenos_through_a_glass_darkly
D:5:      serial_shops, shop, feat_on_display, uniq_grinder
D:6:      serial_shops, nicolae_shop_crystal, uniq_duvessa
D:7:      basic_altar, minmay_statues_item, uniq_crazy_yiuf_cottage

Skill      XL: |  1  2  3  4  5  6 |
---------------+-------------------+-----
Unarmed Combat | 5 6 7 |  7.4
Dodging        | |  1.5
Stealth        | |  1.0
Spellcasting   | |  1.2
Necromancy     | |  3.2

Action                   |  1- 3 |  4- 6 |  7- 9 || total
-------------------------+-------+-------+-------++-------
Melee: Unarmed           |    22 |    52 |     1 ||    75
       Punch             |       |     2 |       ||     2
  Use: Potion            |     3 |     1 |     1 ||     5
       Scroll            |       |     3 |     1 ||     4
 Stab: Sleeping          |     1 |       |       ||     1
  Eat: Chunk             |       |     5 |     1 ||     6
Armor: Robe              |     6 |    10 |     1 ||    17
       Skin              |     6 |       |       ||     6
Dodge: Dodged            |    10 |    12 |    11 ||    33
